 Dungeon Crawl Stone Soup version 0.18.1-8-gdd0e5ea (webtiles) character file.

2587 Peloso the Blocker (level 9, -15/118 HPs)
             Began as a Minotaur Fighter on June 4, 2016.
             Was a Believer of Okawaru.
             Demolished by lupus83's ghost (17 damage)
             ... on level 8 of the Dungeon.
             The game lasted 00:23:44 (6967 turns).

Peloso the Blocker (Minotaur Fighter)               Turns: 6967, Time: 00:23:45

Health: -15/118    AC: 15    Str: 26    XL:     9   Next: 32%
Magic:  8/8        EV:  9    Int:  5    God:    Okawaru [**....]
Gold:   481        SH: 13    Dex: 13    Spells: 0 memorised, 8 levels left

rFire  . . .     SeeInvis .     a - +1 long sword
rCold  . . .     Gourm    .     r - +0 chain mail
rNeg   . . .     Faith    .     c - +1 shield
rPois  +         Spirit   .     (helmet restricted)
rElec  .         Dismiss  .     u - +2 cloak {rPois}
rCorr  .         Reflect  .     t - +0 pair of gloves
SustAt .         Harm     .     (no boots)
MR     .....                    e - amulet of inaccuracy (curse)
Stlth  ..........               y - ring of flight
                                n - ring of stealth

@: berserking, very quick, not resistant to hostile enchantments, extremely
unstealthy
A: retaliatory headbutt, horns 2
a: Heroism, Renounce Religion, Evoke Flight


You were on level 8 of the Dungeon.
You worshipped Okawaru.
Okawaru was pleased with you.
You were hungry.

You visited 2 branches of the dungeon, and saw 9 of its levels.

You collected 481 gold pieces.

Inventory:

Hand Weapons
 a - a +1 long sword (weapon)
 z - a +2 morningstar of flaming
Armour
 c - a +1 shield (worn)
 r - a +0 chain mail (worn)
 t - a +0 pair of gloves (worn)
 u - a +2 cloak of poison resistance (worn)
Jewellery
 e - a cursed amulet of inaccuracy (around neck)
 n - a ring of stealth (left hand)
 y - a ring of flight (right hand)
Wands
 x - a wand of acid (5/15)
 A - a wand of heal wounds (3/9)
Scrolls
 d - a scroll of teleportation
 g - 3 scrolls of recharging
 j - 2 scrolls of fog
 l - a scroll of remove curse
 p - a scroll of enchant armour
 w - a scroll of enchant weapon
 C - a scroll of fear
Potions
 b - a potion of heal wounds
 h - 2 potions of haste
 k - a potion of berserk rage
 m - a potion of brilliance
 o - a potion of cure mutation {unknown}
 q - 2 potions of curing {unknown}
 s - 2 potions of beneficial mutation {unknown}
 B - a potion of ambrosia {unknown}
 F - a potion of degeneration {unknown}
Comestibles
 f - 4 bread rations
 i - 2 beef jerkies
 v - 9 fruits
 D - 2 meat rations


   Skills:
 + Level 7.3 Fighting
 + Level 6.8 Long Blades
 + Level 8.4 Armour
 + Level 3.7 Dodging
 + Level 0.6 Stealth
 + Level 9.2 Shields


You had 8 spell levels left.
You didn't know any spells.

Dungeon Overview and Level Annotations

Branches:
Dungeon (8/15)             Temple (1/1) D:5
   Lair: D:8-11

Altars:
Ashenzari
Cheibriados
Dithmenos
Elyvilon
Fedhas
Gozag
Kikubaaqudgha
Makhleb
Nemelex Xobeh
Okawaru
Pakellas
Qazlal
Ru
Sif Muna
Trog
Vehumet
Xom
Yredelemnul
Zin
The Shining One

Shops:
D:5 =   D:8 *

Annotations:
D:8 lupus83's ghost, novice TrBe


Innate Abilities, Weirdness & Mutations

You reflexively headbutt those who attack you in melee.
You have a pair of horns on your head.


Message History

Lupus83's ghost is heavily damaged.
Lupus83's ghost yells, "Who would have thought, even in death it is a pleasure to sever!"
Lupus83's ghost hits you!
You hit lupus83's ghost but do no damage.
You headbutt lupus83's ghost, but do no damage.
Lupus83's ghost is heavily damaged.
Lupus83's ghost hits you.
You closely miss lupus83's ghost. Your headbutt misses lupus83's ghost.
Lupus83's ghost is heavily damaged.
Lupus83's ghost hits you!!
* * * LOW HITPOINT WARNING * * *
Drink which item? (? for menu, Esc to quit)
A red film seems to cover your vision as you go berserk!
You feel yourself moving faster!
You feel mighty! Lupus83's ghost hits you!!
* * * LOW HITPOINT WARNING * * *
You are too berserk!
You slash lupus83's ghost!
Lupus83's ghost is severely damaged.
Lupus83's ghost hits you!
You die...

### ... #.# ## ### #.# ..
..# #####.##.###. #.# #..
... .....##.# # #.#
#.##.###.##<####### #. #.#
#.##.##............
#.##.###..@W........######
#........##.##...#...#
#........##.###.##⌠.⌠#
#.##.###.##........∩.#
#.##.# #.######.#.⌠.⌠#
#.##.###.# ##'######
#.##..##.# ##...##
#.###.##.# ##.....##
#.###.##.###.......#


You could see lupus83's ghost.

Vanquished Creatures
  2 hippogriffs
  3 sky beasts
  An ice beast (D:7)
  An orc warrior (D:4)
  A necrophage (D:6)
  2 ogres
  4 centaurs
  3 scorpions
  3 wights (D:6)
  3 howler monkeys
  3 crimson imps
  2 jellies (D:5)
  2 hounds
  2 orc priests (D:6)
  A giant frog skeleton (D:4)
  4 orc wizards
  2 iguanas
  5 worker ants
  2 hound zombies
  A howler monkey skeleton (D:7)
  7 adders
  8 gnolls
  An ooze (D:1)
  A worm (D:3)
  2 adder skeletons
  5 dart slugs
  7 giant geckos
  20 orcs
  A ball python (D:2)
  8 giant cockroaches
  8 goblins
  6 hobgoblins (D:3)
  2 jackals (D:3)
  2 quokkas
  5 bats
  6 giant newts
  8 kobolds
  A quokka skeleton (D:5)
  8 rats
153 creatures vanquished.

Notes
Turn   | Place    | Note
--------------------------------------------------------------
     0 | D:1      | Peloso the Minotaur Fighter began the quest for the Orb.
     0 | D:1      | Reached XP level 1. HP: 19/19 MP: 0/0
    99 | D:1      | Reached XP level 2. HP: 20/27 MP: 1/1
   339 | D:1      | Reached skill level 4 in Shields
   527 | D:2      | Reached XP level 3. HP: 30/33 MP: 2/2
   679 | D:2      | Reached XP level 4. HP: 36/40 MP: 3/3
  1640 | D:3      | Reached skill level 1 in Dodging
  1961 | D:3      | Reached XP level 5. HP: 47/47 MP: 4/4
  2112 | D:3      | Reached skill level 5 in Armour
  2233 | D:4      | Noticed an ogre
  2244 | D:4      | Killed an ogre
  2244 | D:4      | Reached skill level 5 in Shields
  2244 | D:4      | Reached XP level 6. HP: 44/55 MP: 5/5
  2311 | D:4      | Reached skill level 5 in Fighting
  2327 | D:4      | You fall through a shaft for 3 floors!
  2327 | D:7      | Noticed a sky beast
  2349 | D:7      | Killed a sky beast
  2440 | D:7      | Reached XP level 7. HP: 45/61 MP: 6/6
  2615 | D:5      | Entered Level 5 of the Dungeon
  2615 | D:5      | Found Bise's Jewellery Emporium.
  2698 | D:5      | Reached skill level 6 in Shields
  2860 | D:5      | Found a blossoming altar of Fedhas.
  2996 | D:5      | Found a staircase to the Ecumenical Temple.
  3009 | D:5      | Reached skill level 5 in Long Blades
  3016 | Temple   | Entered the Ecumenical Temple
  3129 | Temple   | Became a worshipper of Warmaster Okawaru
  3194 | D:5      | Reached skill level 7 in Shields
  3791 | D:6      | Reached XP level 8. HP: 48/70 MP: 7/7
  4651 | D:4      | Found a glowing golden altar of the Shining One.
  4651 | D:4      | Found a shimmering altar of Xom.
  4652 | D:4      | Found a stormy altar of Qazlal.
  5229 | D:4      | Reached skill level 8 in Shields
  5419 | D:5      | Reached * piety under Okawaru
  5821 | D:6      | Reached XP level 9. HP: 79/79 MP: 8/8
  6227 | D:7      | Reached ** piety under Okawaru
  6320 | D:7      | Reached skill level 9 in Shields
  6562 | D:8      | Found Joigamem's Assorted Antiques.
  6569 | D:8      | Identified a scroll of acquirement
  6941 | D:8      | Noticed lupus83's ghost (novice TrBe)
  6966 | D:8      | HP: 1/118 [lupus83's ghost (26)]
  6967 | D:8      | Demolished by lupus83's ghost

Skill      XL: |  1  2  3  4  5  6  7  8  9 |
---------------+----------------------------+-----
Armour         | 4 5 6 8 |  8.4
Shields        | 4 5 7 8 9 |  9.2
Fighting       | 4 5 6 7 |  7.3
Long Blades    | 3 4 5 6 |  6.8
Dodging        | 1 2 3 |  3.7
Stealth        | |  0.6

Action                   |  1- 3 |  4- 6 |  7- 9 || total
-------------------------+-------+-------+-------++-------
Melee: Long sword        |    72 |   153 |   428 ||   653
       Headbutt          |    10 |    23 |    73 ||   106
Invok: Heroism           |       |       |     1 ||     1
  Use: Scroll            |       |     7 |    11 ||    18
       Potion            |       |     1 |     1 ||     2
  Eat: Chunk             |       |     4 |    14 ||    18
       Beef jerky        |       |     1 |       ||     1
Armor: Scale mail        |    46 |    10 |       ||    56
       Chain mail        |       |    56 |   160 ||   216
Dodge: Dodged            |    14 |    34 |    93 ||   141
Block: Shield            |    51 |    91 |   233 ||   375
